 Dungeon Crawl Stone Soup version 0.29.0-11-gd7f09526c8 (webtiles) character file.

Game seed: 11434621443622840081

45 sleeves the Ogre Mage (level 3, -2/31 HPs)
             Began as an Ogre Hedge Wizard on Sept 5, 2022.
             Slain by a gnoll
             ... wielding a +0 flail
              (8 damage)
             ... on level 1 of the Dungeon.
             The game lasted 00:04:05 (1656 turns).

sleeves the Ogre Mage (Ogre Hedge Wizard)           Turns: 1656, Time: 00:04:06

Health: -2/31      AC:  3    Str: 14    XL:     3   Next: 64%
Magic:  3/8        EV:  9    Int: 17    God:
Gold:   117        SH:  0    Dex:  8    Spells: 7/10 levels left

rFire   . . .      SeeInvis .   a - +0 dagger
rCold   . . .      Faith    .   (no shield)
rNeg    . . .      Spirit   .   b - +0 robe
rPois   .          Reflect  .   c - +0 hat
rElec   .          Harm     .   (no cloak)
rCorr   .          Rampage  .   (gloves unavailable)
Will    .....                   (boots unavailable)
Stlth   +.........              (no amulet)
HPRegen 0.10/turn               (no ring)
MPRegen 0.11/turn               (no ring)

@: no status effects
A: large, unfitting armour, tough skin 1
a: no special abilities


You were on level 1 of the Dungeon.
You visited 1 branch of the dungeon, and saw 2 of its levels.

You collected 117 gold pieces.

Inventory:

Hand Weapons
 a - a +0 dagger (weapon)
Armour
 b - a +0 robe (worn)
 c - a +0 hat (worn)
Scrolls
 g - a scroll of magic mapping {unknown}
 h - a scroll of teleportation {unknown}
 i - a scroll of identify {unknown}
 j - a scroll of blinking {unknown}
 k - a scroll of amnesia {unknown}
 m - a scroll of enchant armour {unknown}
Potions
 d - a potion of magic
 e - a potion of ambrosia {unknown}
 f - a potion of mutation {unknown}
 l - a potion of invisibility {unknown}


   Skills:
 - Level 1.7 Dodging
 - Level 1.4 Stealth
 + Level 4.0 Spellcasting
 + Level 2.6 Conjurations
 + Level 1.0 Summonings
 - Level 0.8 Translocations


You had 7 spell levels left.
You knew the following spells:

 Your Spells              Type           Power      Damage    Failure   Level
a - Magic Dart            Conj           48%        1d5       5%          1
b - Call Imp              Summ           7%         N/A       16%         2

Your spell library contained the following spells:

 Spells                   Type           Power      Damage    Failure   Level
 Slow                     Hex            12%        N/A       16%         1
 Blink                    Tloc           12%        N/A       17%         2
 Conjure Flame            Conj/Fire      7%         6-21      28%         3
 Mephitic Cloud           Conj/Pois/Air  6%         N/A       32%         3
 Summon Ice Beast         Ice/Summ       5%         N/A       77%         4
 Summon Mana Viper        Hex/Summ       5%         N/A       98%         5
 Monstrous Menagerie      Summ           3%         N/A       100%        7


Dungeon Overview and Level Annotations

Branches:
Dungeon (2/15)

Altars:


Innate Abilities, Weirdness & Mutations

You are too large for most types of armour.
You have tough skin. (AC +1)


Message History

Ran out of altars for temple! x3
Welcome, sleeves the Ogre Hedge Wizard.
Are you destined to find the legendary Orb of Zot, or to die trying?
Press ? for a list of commands and other information.
Found 14 gold pieces and a brown potion.
Found a staircase leading out of the dungeon.
Okay, then.
Okay, then.
You now have 14 gold pieces.
e - a brown potion You open the door.
There is an open door here.
f - a bubbling green potion A giant cockroach comes into view.
A giant cockroach is nearby!
The magic dart hits the giant cockroach.
The giant cockroach is moderately wounded.
The magic dart hits the giant cockroach.
The giant cockroach is severely wounded.
The magic dart hits the giant cockroach.
You kill the giant cockroach!
Your Conjurations skill increases to level 1!
Magic restored.
g - a scroll labelled KUEKKI NADA A ball python comes into view.
Found a plate armour.
A ball python is nearby!
The magic dart hits the ball python.
You kill the ball python!
Found an escape hatch in the floor.
You now have 39 gold pieces (gained 25).
You see here a +0 plate armour.
You see here a ball python corpse.
You now have 48 gold pieces (gained 9).
You see here a ball python corpse.
You open the door.
A hobgoblin and 2 jackals come into view.
There are monsters nearby! 2 jackals and an endoplasm come into view.
Found 5 gold pieces.
The jackal barks!
The jackal closely misses you. The jackal bites you.
A goblin comes into view. It is wielding a +0 club.
There is an open door here.
The jackal bites you.
The magic dart hits the jackal.
The jackal is moderately wounded.
The jackal closely misses you.
The magic dart hits the jackal.
The jackal is heavily wounded.
The jackal bites you.
You miscast Magic Dart.
You are very lightly contaminated with residual magic.
Nothing appears to happen.
The jackal bites you but does no damage.
The jackal bites you.
The magic dart hits the jackal.
You kill the jackal!
You aren't carrying any items that you can evoke.
Okay, then.
Okay, then.
You barely miss the hobgoblin.
The hobgoblin hits you but does no damage.
You hit the hobgoblin.
The hobgoblin is moderately wounded.
The hobgoblin hits you but does no damage.
You hit the hobgoblin but do no damage. Your punch misses the hobgoblin.
The hobgoblin is moderately wounded.
The hobgoblin closely misses you.
You hit the hobgoblin but do no damage.
The hobgoblin is moderately wounded.
The hobgoblin hits you but does no damage.
You barely miss the hobgoblin.
The hobgoblin is moderately wounded.
The hobgoblin hits you but does no damage.
You hit the hobgoblin but do no damage.
The hobgoblin is moderately wounded.
The hobgoblin barely misses you.
Your magical contamination has completely faded away.
You hit the hobgoblin.
The hobgoblin is heavily wounded.
The hobgoblin hits you but does no damage.
You hit the hobgoblin.
The hobgoblin is almost dead.
The hobgoblin hits you.
You hit the hobgoblin.
You kill the hobgoblin!
The jackal bites you but does no damage.
Casting: Magic Dart (safe; 10% risk of failure)
Confirm with . or Enter, or press ? or * to list all spells.
Aiming: Magic Dart (safe; 10% risk of failure)
Press: ? - help, Shift-Dir - straight line, f - jackal
Aim: a jackal (100% to hit)
The magic dart hits the jackal but does no damage.
The jackal closely misses you.
Casting: Magic Dart (safe; 10% risk of failure)
Confirm with . or Enter, or press ? or * to list all spells.
Aiming: Magic Dart (safe; 10% risk of failure)
Press: ? - help, Shift-Dir - straight line, f/p - jackal
Aim: a jackal (100% to hit)
The magic dart hits the jackal.
The jackal is heavily wounded.
* * * LOW MAGIC WARNING * * *
The jackal bites you but does no damage.
The jackal bites you.
* * * LOW HITPOINT WARNING * * *
You aren't carrying any items that you can evoke.
Okay, then.
It was a potion of curing.
You feel better.
The jackal bites you but does no damage.
You hit the jackal.
The jackal is almost dead.
The jackal barely misses you.
You hit the jackal.
You kill the jackal!
Things that are here:
a jackal corpse; a jackal corpse You close the door.
A goblin opens the door.
HP restored.
You see here a ball python corpse.
You start resting.
Magic restored.
There is an escape hatch in the floor here.
Found a stone staircase leading down.
There is a stone staircase leading down here.
Found a ring mail.
A goblin comes into view. It is wielding a +0 club.
The goblin shouts!
You see here a glowing amethyst potion.
The magic dart hits the goblin.
The goblin is moderately wounded.
The magic dart hits the goblin.
You kill the goblin!
You have reached level 2!
f - a glowing amethyst potion
Found a stone staircase leading down.
A goblin comes into view. It is wielding a +0 club.
The goblin shouts!
The magic dart hits the goblin.
The goblin is severely wounded.
The magic dart hits the goblin.
You kill the goblin!
You can't see any susceptible monsters within range! (Use Z to cast anyway.)
You now have 56 gold pieces (gained 8).
You see here a +0 club.
You open the door.
A bat comes into view.
Found a short sword and a pair of boots.
A bat is nearby!
A bat is nearby!
You can't see any susceptible monsters within range! (Use Z to cast anyway.)
There is an open door here.
A ball python comes into view.
The ball python hisses angrily.
The bat closely misses you.
You hit the bat.
The bat is heavily wounded.
The bat hits you but does no damage.
The magic dart hits the bat but does no damage.
The bat is heavily wounded.
A rat comes into view.
The bat hits you but does no damage.
The magic dart hits the bat.
You kill the bat!
Your Conjurations skill increases to level 2!
You miscast Magic Dart.
You are very lightly contaminated with residual magic.
Nothing appears to happen.
The magic dart hits the ball python.
You kill the ball python!
The magic dart hits the rat.
You kill the rat!
You can't see any susceptible monsters within range! (Use Z to cast anyway.)
You start resting.
Your magical contamination has completely faded away.
Magic restored.
You open the door.
There is an open door here.
A hobgoblin and a bat come into view.
The hobgoblin shouts!
There are monsters nearby!
There are monsters nearby!
The magic dart hits the hobgoblin but does no damage.
The magic dart hits the hobgoblin.
The hobgoblin is lightly wounded.
The magic dart hits the hobgoblin.
The hobgoblin is heavily wounded.
The magic dart hits the hobgoblin.
You kill the hobgoblin!
You can't see any susceptible monsters within range! (Use Z to cast anyway.)
Okay, then.
A jackal is nearby!
A jackal is nearby!
A jackal is nearby!
The magic dart hits the jackal.
The jackal is heavily wounded.
The magic dart hits the jackal.
The jackal is almost dead.
The magic dart hits the jackal.
You kill the jackal!
You see here a hobgoblin corpse.
You see here a jackal corpse.
A bat is nearby!
A bat is nearby!
A bat is nearby!
The magic dart hits the bat.
You kill the bat!
You can't see any susceptible monsters within range! (Use Z to cast anyway.)
You now have 65 gold pieces (gained 9).
Found a chain mail.
h - a scroll labelled MONEDGH MUMA You now have 78 gold pieces (gained 13).
There is a stone staircase leading down here.
A dart slug comes into view.
A dart slug is nearby!
A dart slug is nearby!
The magic dart hits the dart slug.
The dart slug is moderately wounded.
The magic dart hits the dart slug.
The dart slug is heavily wounded.
The magic dart hits the dart slug.
The dart slug is almost dead.
The magic dart hits the dart slug.
You kill the dart slug!
You see here a dart slug corpse.
A bat comes into view.
Found a scroll labelled NOELIA BANE and a ring mail.
A bat is nearby!
A bat is nearby!
The magic dart hits the bat.
The bat is moderately wounded.
The bat closely misses you.
The magic dart hits the bat.
You kill the bat!
You can't see any susceptible monsters within range! (Use Z to cast anyway.)
You see here a bat corpse.
A rat comes into view.
You see here a scroll labelled NOELIA BANE.
A rat is nearby!
A rat is nearby!
You can't see any susceptible monsters within range! (Use Z to cast anyway.) No reachable target in view!
No reachable target in view!
i - a scroll labelled NOELIA BANE A rat is nearby!
No reachable target in view!
No reachable target in view!
A kobold comes into view. It is wielding a +0 short sword.
The kobold shouts!
You see here a +0 ring mail.
The magic dart hits the kobold.
The kobold is moderately wounded.
The magic dart hits the kobold.
The kobold is severely wounded.
The magic dart hits the kobold.
You kill the kobold!
The magic dart hits the rat.
You kill the rat!
You can't see any susceptible monsters within range! (Use Z to cast anyway.)
You enter the shallow water.
Moving in this stuff is going to be slow.
You enter the shallow water.
Moving in this stuff is going to be slow.
A ball python comes into view.
A ball python is nearby!
A ball python is nearby!
The magic dart hits the ball python.
You kill the ball python!
You can't see any susceptible monsters within range! (Use Z to cast anyway.)
An endoplasm comes into view.
The endoplasm quivers.
The magic dart hits the endoplasm.
The endoplasm is moderately wounded.
The magic dart hits the endoplasm.
The endoplasm is almost dead.
The magic dart hits the endoplasm.
You kill the endoplasm!
You have reached level 3!
Your experience leads to an increase in your attributes!
Increase (S)trength, (I)ntelligence, or (D)exterity?
You feel clever. x2; You feel stronger.
Okay, then.
You now have 85 gold pieces (gained 7).
As you open the door, it creaks loudly!
There is an open door here.
There is an open door here.
Found 2 stones.
Found a stone staircase leading down.
A kobold comes into view. It is wielding a +0 dagger.
The kobold shouts!
A kobold is nearby!
A kobold is nearby!
The magic dart hits the kobold.
The kobold is severely wounded.
The kobold hits you but does no damage.
The magic dart hits the kobold.
You kill the kobold!
You can't see any susceptible monsters within range! (Use Z to cast anyway.)
Things that are here:
a +0 dagger; a kobold corpse A quokka comes into view.
A quokka is nearby!
A quokka is nearby!
The magic dart hits the quokka but does no damage.
The magic dart hits the quokka.
The quokka is moderately wounded.
The quokka closely misses you.
The magic dart hits the quokka.
The quokka is severely wounded.
The quokka barely misses you. x2
You miscast Magic Dart.
You are very lightly contaminated with residual magic.
Nothing appears to happen.
The quokka barely misses you.
The magic dart hits the quokka.
You kill the quokka!
You can't see any susceptible monsters within range! (Use Z to cast anyway.)
Your magical contamination has completely faded away.
j - a scroll labelled TIVVOYDOSTI
Found a robe.
An endoplasm is nearby!
An endoplasm is nearby!
An endoplasm is nearby!
An endoplasm is nearby!
The magic dart hits the endoplasm.
The endoplasm is heavily wounded.
The magic dart hits the endoplasm but does no damage.
The endoplasm is heavily wounded.
The magic dart hits the endoplasm but does no damage.
The endoplasm is heavily wounded.
The magic dart hits the endoplasm but does no damage.
The endoplasm is moderately wounded.
The endoplasm hits you.
An endoplasm is nearby!
You miscast Magic Dart.
You are very lightly contaminated with residual magic.
Nothing appears to happen.
The endoplasm hits you but does no damage.
The magic dart hits the endoplasm.
The endoplasm is severely wounded.
The endoplasm freezes you.
You are frozen.
The magic dart hits the endoplasm.
You kill the endoplasm!
* * * LOW MAGIC WARNING * * *
You can't see any susceptible monsters within range! (Use Z to cast anyway.)
Your magical contamination has completely faded away.
HP restored.
You now have 95 gold pieces (gained 10).
There is an open door here.
Found a faded altar of an unknown god.
You now have 100 gold pieces (gained 5).
There is an open door here.
A ball python comes into view.
A ball python is nearby!
You miscast Magic Dart.
You are very lightly contaminated with residual magic.
Nothing appears to happen.
The ball python barely misses you.
The magic dart hits the ball python.
You kill the ball python!
You can't see any susceptible monsters within range! (Use Z to cast anyway.)
You can't see any susceptible monsters within range! (Use Z to cast anyway.)
Your magical contamination has completely faded away.
You see here a ball python corpse.
k - a scroll labelled NIEFAE OGUEHOH You see here a +0 robe.
You see here a quokka skeleton.
Found a club.
You see here a staff of air.
You see here a +0 club.
A bat comes into view.
A bat is nearby!
A bat is nearby!
A bat is nearby!
The magic dart hits the bat.
The bat is heavily wounded.
The magic dart hits the bat.
You kill the bat!
You can't see any susceptible monsters within range! (Use Z to cast anyway.)
You can't see any susceptible monsters within range! (Use Z to cast anyway.)
Found a leather armour.
You see here a bat corpse.
l - a clear potion A rat comes into view.
A rat is nearby!
The magic dart hits the rat.
You kill the rat!
You can't see any susceptible monsters within range! (Use Z to cast anyway.)
You can't see any susceptible monsters within range! (Use Z to cast anyway.)
You can't see any susceptible monsters within range! (Use Z to cast anyway.)
You see here a +0 leather armour.
Done exploring.
Done exploring.
Done exploring.
(D) Dungeon
Where to? (? - help)
You see here a +0 leather armour.
There is a stone staircase leading down here.
You climb downwards.
Found a dagger and 17 gold pieces.
Found a stone staircase leading down.
There is a stone staircase leading up here.
A giant cockroach is nearby!
Unknown command.
The magic dart hits the giant cockroach.
The giant cockroach is severely wounded.
The magic dart hits the giant cockroach.
You kill the giant cockroach!
You can't see any susceptible monsters within range! (Use Z to cast anyway.) Magic restored.
You now have 117 gold pieces (gained 17).
You open the door.
There is an open door here.
A hobgoblin comes into view.
A hobgoblin is nearby!
The magic dart hits the hobgoblin.
The hobgoblin is lightly wounded.
The hobgoblin shouts!
The magic dart hits the hobgoblin but does no damage.
The hobgoblin is lightly wounded.
The magic dart hits the hobgoblin but does no damage.
The hobgoblin is lightly wounded.
The magic dart hits the hobgoblin.
The hobgoblin is almost dead.
The magic dart hits the hobgoblin.
You kill the hobgoblin!
You pick up a book of Beasts and begin reading...
You add the spells Summon Ice Beast, Summon Mana Viper and Monstrous Menagerie to your library.
Okay, then.
Memorise Call Imp, consuming 2 spell levels and leaving 6?
You start memorising the spell.
You continue memorising. x2
You finish memorising.
Spell assigned to 'b'.
Okay, then.
m - a scroll labelled SORUBR QOTYSU
Found 5 stones.
A quokka and a giant cockroach come into view.
There are monsters nearby!
The magic dart hits the giant cockroach.
The giant cockroach is severely wounded.
You start resting.
A giant cockroach is nearby!
A giant cockroach is nearby!
The magic dart hits the giant cockroach but does no damage.
The giant cockroach is severely wounded.
You miscast Magic Dart.
You are very lightly contaminated with residual magic.
Nothing appears to happen.
The giant cockroach barely misses you.
The magic dart hits the giant cockroach.
You kill the giant cockroach!
Your Spellcasting skill increases to level 4!
You start resting.
Your magical contamination has completely faded away.
Magic restored.
The magic dart hits the quokka.
The quokka is severely wounded.
The magic dart hits the quokka.
You kill the quokka!
You can't see any susceptible monsters within range! (Use Z to cast anyway.)
A gnoll comes into view. It is wielding a +0 flail.
A gnoll is nearby!
A gnoll is nearby!
Found a scale mail.
An adder comes into view.
The adder hisses angrily.
The magic dart hits the adder.
The adder is lightly wounded.
The magic dart hits the adder.
The adder is heavily wounded.
The magic dart hits the adder but does no damage.
The adder is heavily wounded.
The magic dart hits the adder.
The adder is severely wounded.
The adder barely misses you.
The magic dart hits the adder.
The adder is almost dead.
The adder bites you.
The magic dart hits the adder.
You kill the adder!
Your Summonings skill increases to level 1!
HP restored.
Magic restored.
A gnoll comes into view. It is wielding a +0 whip.
The gnoll moves out of view.
The gnoll shouts!
A gnoll comes into view. It is wielding a +0 halberd.
There are monsters nearby!
The magic dart hits the gnoll.
The gnoll is moderately wounded.
You miscast Magic Dart.
You are very lightly contaminated with residual magic.
Nothing appears to happen.
The magic dart hits the gnoll.
The gnoll is heavily wounded.
The gnoll shouts!
You hear a shout!
A gnoll comes into view. It is wielding a +0 club.
You hear a shout!
Your magical contamination has completely faded away.
A bat comes into view.
The bat attacks as you move away! The bat barely misses you. The bat hits you.
The bat hits you but does no damage. The bat hits you but does no damage.
The bat attacks as you move away! The bat closely misses you. x2
The bat attacks as you move away! The bat hits you but does no damage. x2
The bat hits you but does no damage. The bat barely misses you.
The bat attacks as you move away! The bat closely misses you.
The bat hits you but does no damage. The bat closely misses you.
The bat barely misses you.
There is a stone staircase leading up here.
Casting: Magic Dart (safe; 5% risk of failure)
Confirm with . or Enter, or press ? or * to list all spells.
You don't know that spell.
Casting: Magic Dart (safe; 5% risk of failure)
Confirm with . or Enter, or press ? or * to list all spells.
Aiming: Magic Dart (safe; 5% risk of failure)
Press: ? - help, Shift-Dir - straight line, f - gnoll
Aim: a gnoll, wielding a +0 flail (100% to hit)
The magic dart hits the gnoll.
The gnoll is moderately wounded.
The bat closely misses you. x2
The gnoll shouts!
You hit the bat.
The bat is severely wounded.
The bat hits you but does no damage. The gnoll hits you with a +0 flail!
You climb upwards.
There is a stone staircase leading down here.
Casting: Magic Dart (safe; 5% risk of failure)
Confirm with . or Enter, or press ? or * to list all spells.
A beastly little devil appears in a puff of flame.
The gnoll hits you with a +0 flail.
You swap places.
Your crimson imp closely misses the gnoll.
The gnoll hits you with a +0 flail.
* * * LOW HITPOINT WARNING * * *
Your crimson imp misses the gnoll.
You see here 2 stones.
Casting: Call Imp (safe; 16% risk of failure)
Confirm with . or Enter, or press ? or * to list all spells.
Aiming: Magic Dart (safe; 5% risk of failure)
Press: ? - help, Shift-Dir - straight line, f - gnoll
Aim: a gnoll, wielding a +0 flail (moderately wounded, ally target, 100% to hit)
The magic dart hits the gnoll.
The gnoll is moderately wounded.
Your crimson imp blinks!
The gnoll hits you with a +0 flail!
* * * LOW HITPOINT WARNING * * *
You aren't carrying any items that you can evoke.
Unknown command.
Okay, then.
Okay, then.
Casting: Magic Dart (safe; 5% risk of failure)
Confirm with . or Enter, or press ? or * to list all spells.
A shadowy apparition takes form in the air.
The gnoll hits you with a +0 flail!
You die...

#.#.########........##
#.#.# ##.#######8
#.#.# #####.######..
#.#.# #.........#8..
#.#.# #.###.###.'...
#.#.# #.# #.# ###8..
#.#.# #.# #.# ##..
#.#5#####.###.# ##8
#.#.g@........# ##
#.#######.##### # #.#
#.##### #.# #.....#
#.# #####.# #.# #.#
#.###########.#
#..[.......##.#
#..........##.#


You could see a gnoll (ally target) and a friendly shadow imp (summoned).

Vanquished Creatures
  An adder (D:2)
  A dart slug (D:1)
  4 bats (D:1)
  2 endoplasms (D:1)
  3 giant cockroaches
  2 goblins (D:1)
  3 hobgoblins
  3 jackals (D:1)
  2 kobolds (D:1)
  2 quokkas
  4 ball pythons (D:1)
  3 rats (D:1)
30 creatures vanquished.

Notes
Turn   | Place    | Note
-------+----------+-------------------------------------------
     0 | D:1      | sleeves the Ogre Hedge Wizard began the quest for the Orb.
     0 | D:1      | Reached XP level 1. HP: 16/16 MP: 5/5
    36 | D:1      | Reached skill level 1 in Conjurations
   175 | D:1      | HP: 7/16 [jackal (2)]
   286 | D:1      | Reached XP level 2. HP: 24/24 MP: 3/6
   376 | D:1      | Reached skill level 2 in Conjurations
   756 | D:1      | Reached XP level 3. HP: 31/31 MP: 4/8
  1052 | D:1      | Found a faded altar of an unknown god.
  1420 | D:2      | Learned a level 2 spell: Call Imp
  1469 | D:2      | Reached skill level 4 in Spellcasting
  1537 | D:2      | Reached skill level 1 in Summonings
  1653 | D:1      | HP: 15/31 [gnoll/+0 flail (2)]
  1655 | D:1      | HP: 6/31 [gnoll/+0 flail (9)]
  1656 | D:1      | Slain by a gnoll

Illustrated notes

Levels and vault maps discovered:
D:1:      dpeg_arrival_rooms_c, layout_loops_ring,
          shapermc_ecumenical_altar_notcrosses, minmay_misc_feat_tower,
          dk_noncrumbling_4, serial_bayou_pond_a
D:2:      layout_basic, lemuel_another_geyser

Skill      XL: |  1  2  3 |
---------------+----------+-----
Conjurations   | 1 2 |  2.6
Spellcasting   | 4 |  4.0
Summonings     | 1 |  1.0
Dodging        | |  1.7
Stealth        | |  1.4
Translocations | |  0.8

Action                   || total
-------------------------++-------
Melee: Dagger            ||    13
 Cast: Magic Dart        ||    77
       Call Imp          ||     2
  Use: Potion            ||     1
Armor: Robe              ||    20
Dodge: Dodged            ||    24
